 Dungeon Crawl Stone Soup version 0.32-a0-41-gec2d92a32c (webtiles) character file.

Game seed: 3288720690566569390

943 CougarLife the Shield-Bearer (level 8, -12/67 HPs)
             Began as a Gnoll Fighter on Jan 26, 2024.
             Mangled by a sleepcap (14 damage)
             ... on level 5 of the Dungeon.
             The game lasted 00:07:45 (4823 turns).

CougarLife the Shield-Bearer (Gnoll Fighter)        Turns: 4823, Time: 00:07:45

Health: -12/67     AC:  7    Str: 17    XL:     8   Next: 12%
Magic:  12/12      EV:  2    Int:  7    God:
Gold:   182        SH:  0    Dex: 13    Spells: 13/13 levels left

rFire   . . .        a - +0 war axe
rCold   . . .        c - +0 buckler
rNeg    . . .        b - +0 scale mail
rPois   .            (no helmet)
rElec   .            (no cloak)
rCorr   .            (no gloves)
SInv    .            (no boots)
Will    .....        (no amulet)
Stlth   +            s - +4 ring of slaying
HPRegen 0.31/turn    (no ring)
MPRegen 0.13/turn

%: no passive effects
@: mighty, sleeping
A: fangs 1, strong nose, distributed training
a: no special abilities


You were on level 5 of the Dungeon.
You visited 1 branch of the dungeon, and saw 5 of its levels.
You also visited: Sewer.

You collected 182 gold pieces.

Inventory:

Hand Weapons
 a - a +0 war axe (weapon)
 j - a +1 whip of electrocution
Missiles
 m - 4 poisoned darts (quivered)
 t - a throwing net
Armour
 b - a +0 scale mail (worn)
 c - a +0 buckler (worn)
Jewellery
 s - a +4 ring of slaying (left hand)
Wands
 A - a wand of polymorph (12)
Scrolls
 f - a scroll of identify {unknown}
 g - 2 scrolls of teleportation {unknown}
 h - a scroll of fear {unknown}
 k - a scroll of noise {unknown}
 l - a scroll of butterflies {unknown}
 n - 2 scrolls of blinking {unknown}
 o - 2 scrolls of fog {unknown}
 v - a scroll of enchant weapon {unknown}
 w - a scroll of enchant armour {unknown}
 y - a scroll of revelation {unknown}
 z - a scroll of amnesia {unknown}
Potions
 d - 2 potions of mutation {unknown}
 e - a potion of berserk rage {unknown}
 i - a potion of brilliance {unknown}
 p - a potion of resistance {unknown}
 q - 2 potions of might
 r - a potion of haste {unknown}
 u - 2 potions of heal wounds {unknown}
 x - a potion of curing {unknown}
 B - a potion of attraction {unknown}
 C - a potion of enlightenment {unknown}


   Skills:
 + Level 7.3 Fighting
 + Level 3.1 Short Blades
 + Level 3.1 Long Blades
 + Level 5.6 Axes
 + Level 3.1 Maces & Flails
 + Level 3.1 Polearms
 + Level 3.1 Staves
 + Level 3.1 Ranged Weapons
 + Level 3.1 Throwing
 + Level 7.3 Armour
 + Level 3.1 Dodging
 + Level 3.1 Stealth
 + Level 7.3 Shields
 + Level 3.1 Unarmed Combat
 + Level 3.1 Spellcasting
 + Level 2.5 Conjurations
 + Level 2.5 Hexes
 + Level 2.5 Summonings
 + Level 2.5 Necromancy
 + Level 2.5 Translocations
 + Level 2.5 Fire Magic
 + Level 2.5 Ice Magic
 + Level 2.5 Air Magic
 + Level 2.5 Earth Magic
 + Level 2.5 Alchemy
 + Level 3.4 Invocations
 + Level 3.1 Evocations
 + Level 2.8 Shapeshifting


You had 13 spell levels left.
You didn't know any spells.
Your spell library contained the following spells:

 Spells                   Type           Power      Damage    Failure   Level
 Mephitic Cloud           Conj/Alch/Air  4%         N/A       80%         3
 Freezing Cloud           Conj/Ice/Air   2%         6-21      100%        5
 Plasma Beam              Fire/Air       2%         2x1d12    100%        6


Dungeon Overview and Level Annotations

Branches:
Dungeon (5/15)              Sewer (visited)
 Temple: D:4-7

Altars:


Innate Abilities, Weirdness & Mutations

You have very sharp teeth.
Your uncanny sense of smell can sniff out nearby items.
Your experience applies equally to all skills.


Message History

The orc wizard hits you with a +0 dagger.
A sleepcap comes into view.
The orc hits you with a +0 dagger.
You hit the orc warrior but do no damage.
Your bite misses the orc warrior.
The orc warrior is moderately wounded.
You hit the orc wizard. You slash the orc!
You kill the orc!
You block the orc warrior's attack.
The orc wizard gestures at you while chanting.
The magic dart hits you.
* * * LOW HITPOINT WARNING * * *
The orc warrior hits you with a +0 battleaxe.
* * * LOW HITPOINT WARNING * * *
You barely miss the orc warrior.
The orc warrior is moderately wounded.
You miss the orc wizard. You closely miss the orc. You block the orc's attack.
You block the orc wizard's attack. The orc warrior closely misses you.
You feel very mighty all of a sudden. The orc closely misses you.
The orc wizard barely misses you.
The orc warrior hits you with a +0 battleaxe!
* * * LOW HITPOINT WARNING * * *
You barely miss the orc warrior.
The orc warrior is moderately wounded.
You slash the orc wizard!
You kill the orc wizard!
You slash the orc!
You kill the orc!
The orc warrior closely misses you.
A gnoll comes into view. It is wielding a +0 whip.
You barely miss the orc warrior.
The orc warrior is moderately wounded.
You completely miss the sleepcap.
The orc warrior hits you but does no damage.
The sleepcap releases spores at you.
* * * LOW HITPOINT WARNING * * *
You are engulfed in a cloud of soporific spores!
You fall asleep.
The orc warrior barely misses you. The sleepcap releases spores at you!
You die...

........# ........#
........# ........#
....(...# ........#
........#
........################
.......#@o.......<.....#
..>g...)f###############
.....##..# .###.....#
###...+ ∆ #..## ##..
...# ∆ .....


You could see an orc warrior, a sleepcap and a gnoll.

Vanquished Creatures
  2 kobold brigands (Sewer)
  2 brain worms (Sewer)
  2 scorpions (D:4)
  A howler monkey (D:3)
  A hound (D:4)
  3 orc priests
  An iguana (D:4)
  An orc wizard (D:5)
  A sleepcap (D:4)
  4 gnolls
  12 adders
  4 river rats (Sewer)
  A shadow imp (D:4)
  2 ribbon worms
  3 dart slugs (D:1)
  11 orcs
  5 endoplasms
  8 giant cockroaches
  11 goblins
  9 hobgoblins
  11 jackals
  3 quokkas (D:3)
  8 ball pythons
  3 bats
  10 frilled lizards
  7 kobolds
  11 rats
137 creatures vanquished.

Notes
Turn   | Place    | Note
-------+----------+-------------------------------------------
     0 | D:1      | CougarLife the Gnoll Fighter began the quest for the Orb.
     0 | D:1      | Reached XP level 1. HP: 23/23 MP: 1/1
    56 | D:1      | Reached XP level 2. HP: 28/29 MP: 2/2
   396 | D:1      | Reached XP level 3. HP: 33/35 MP: 3/3
   535 | D:1      | Got the Codex of the Bouncing Youths
   601 | D:1      | Reached skill level 1 in Invocations
   873 | D:2      | Reached skill level 1 in Short Blades
   873 | D:2      | Reached skill level 1 in Long Blades
   873 | D:2      | Reached skill level 1 in Maces & Flails
   873 | D:2      | Reached skill level 1 in Polearms
   873 | D:2      | Reached skill level 1 in Staves
   873 | D:2      | Reached skill level 1 in Ranged Weapons
   873 | D:2      | Reached skill level 1 in Throwing
   873 | D:2      | Reached skill level 1 in Dodging
   873 | D:2      | Reached skill level 1 in Stealth
   873 | D:2      | Reached skill level 1 in Unarmed Combat
   873 | D:2      | Reached skill level 1 in Spellcasting
   873 | D:2      | Reached skill level 1 in Evocations
   951 | D:3      | Reached skill level 1 in Shapeshifting
   951 | D:3      | Reached XP level 4. HP: 33/41 MP: 5/5
  1104 | D:3      | Reached skill level 1 in Conjurations
  1104 | D:3      | Reached skill level 1 in Hexes
  1104 | D:3      | Reached skill level 1 in Summonings
  1104 | D:3      | Reached skill level 1 in Necromancy
  1104 | D:3      | Reached skill level 1 in Translocations
  1104 | D:3      | Reached skill level 1 in Fire Magic
  1104 | D:3      | Reached skill level 1 in Ice Magic
  1104 | D:3      | Reached skill level 1 in Air Magic
  1104 | D:3      | Reached skill level 1 in Earth Magic
  1104 | D:3      | Reached skill level 1 in Alchemy
  1111 | D:3      | Reached XP level 5. HP: 6/47 MP: 5/7
  1337 | D:3      | Found a glowing drain.
  1355 | Sewer    | Entered a sewer
  1548 | Sewer    | Reached XP level 6. HP: 53/53 MP: 8/8
  1621 | Sewer    | Reached skill level 5 in Axes
  1710 | Sewer    | Reached XP level 7. HP: 60/60 MP: 10/10
  2560 | D:2      | Found a faded altar of an unknown god.
  4261 | D:4      | Reached XP level 8. HP: 28/67 MP: 12/12
  4781 | D:5      | Entered Level 5 of the Dungeon
  4822 | D:5      | HP: 1/67 [sleepcap (3)]
  4823 | D:5      | Mangled by a sleepcap

Illustrated notes

Levels and vault maps discovered:
D:1:      dpeg_arrival_short_road, layout_basic
D:2:      kennysheep_the_goblin_king, layout_rooms,
          shapermc_ecumenical_altar_ellora, palyth_stone_intersect,
          minmay_split_cup_large
D:3:      layout_basic, portal_sewer_entry_f, serial_glass, glass_columns_b,
          glass_columns_b, grunt_decor_resistance
D:4:      layout_basic, st_stairs_6, hangedman_abyss_or_decor_stagger
D:5:      layout_rooms, nicolae_hepliaklqana_monster_ancestors,
          trog_ov_bears_minmay, slow_altar_1, serial_shops,
          kennysheep_little_box, serial_bayou_pond_d, minmay_misc_feat_rugged,
          uniq_grinder

Skill      XL: |  1  2  3  4  5  6  7 |
---------------+----------------------+-----
Invocations    | 1 2 3 |  3.4
Short Blades   | 1 2 3 |  3.1
Long Blades    | 1 2 3 |  3.1
Maces & Flails | 1 2 3 |  3.1
Polearms       | 1 2 3 |  3.1
Staves         | 1 2 3 |  3.1
Ranged Weapons | 1 2 3 |  3.1
Throwing       | 1 2 3 |  3.1
Dodging        | 1 2 3 |  3.1
Stealth        | 1 2 3 |  3.1
Unarmed Combat | 1 2 3 |  3.1
Spellcasting   | 1 2 3 |  3.1
Evocations     | 1 2 3 |  3.1
Shapeshifting  | 1 2 |  2.8
Conjurations   | 1 2 |  2.5
Hexes          | 1 2 |  2.5
Summonings     | 1 2 |  2.5
Necromancy     | 1 2 |  2.5
Translocations | 1 2 |  2.5
Fire Magic     | 1 2 |  2.5
Ice Magic      | 1 2 |  2.5
Air Magic      | 1 2 |  2.5
Earth Magic    | 1 2 |  2.5
Alchemy        | 1 2 |  2.5
Axes           | 5 |  5.6
Fighting       | 7 |  7.3
Armour         | 7 |  7.3
Shields        | 7 |  7.3

Action                     |  1- 3 |  4- 6 |  7- 9 || total
---------------------------+-------+-------+-------++-------
  Melee: War axe           |    74 |   134 |   160 ||   368
         Bite              |     7 |    14 |    18 ||    39
         Whip              |    24 |    12 |       ||    36
  Throw: Dart              |       |       |     2 ||     2
    Use: Potion            |       |     1 |     1 ||     2
 Armour: Scale mail        |    55 |    77 |   107 ||   239
  Dodge: Dodged            |    37 |    50 |    71 ||   158
  Block: Buckler           |    27 |    50 |    56 ||   133

Table legend: (Time is in decaauts)
 A = Elapsed time spent in this place.
 B = Non-inter-level travel time spent in this place.
 C = Inter-level travel time spent in this place.
 D = Time resting spent in this place.
 E = Time spent auto-exploring this place.
 F = Levels seen in this place.
 G = Mean time per level.
                   A        B        C        D        E       F      G
               +--------+--------+--------+--------+--------+-----+--------+
         Total |   5106 |   4956 |    150 |    375 |   3267 |   6 |  851.0 |
       Dungeon |   4148 |   3998 |    150 |    291 |   2710 |   5 |  829.6 |
         Sewer |    958 |    958 |      0 |     84 |    557 |   1 |  958.0 |
               +--------+--------+--------+--------+--------+-----+--------+

Top non-repeatable levels by time:
     D:3: 1368 daAuts
     D:4: 1088 daAuts
   Sewer: 958 daAuts
     D:1: 842 daAuts
     D:2: 804 daAuts
     D:5: 44 daAuts
